 Dungeon Crawl Stone Soup version 0.28.0-45-g0d030f2227 (webtiles) character file.

Game seed: 2984570553403886249

5372 Peloso the Carver (level 10, -1/88 HPs)
             Began as a Minotaur Fighter on Apr 24, 2022.
             Was an Elder of Okawaru.
             Slain by Gastronok (22 damage)
             ... on level 8 of the Dungeon.
             The game lasted 00:16:01 (8270 turns).

Peloso the Carver (Minotaur Fighter)                Turns: 8270, Time: 00:16:02

Health: -1/88      AC: 15    Str: 26    XL:     10   Next: 39%
Magic:  8/9        EV:  8    Int:  5    God:    Okawaru [****..]
Gold:   201        SH:  6    Dex: 14    Spells: 9/9 levels left

rFire   . . .      SeeInvis .   a - +4 falchion "Coluxt" {elec, Str+3}
rCold   . . .      Faith    .   c - +0 buckler
rNeg    . . .      Spirit   .   l - +0 plate armour
rPois   .          Reflect  .   (helmet restricted)
rElec   .          Harm     .   z - +0 cloak
rCorr   .          Rampage  .   (no gloves)
Will    .....                   (no boots)
Stlth   ..........              u - amulet "Caudoydinn" {Acrobat Dex+2}
HPRegen 0.24/turn               (no ring)
MPRegen 0.11/turn               (no ring)

@: slowed, very slow
A: horns 2, retaliatory headbutt
a: Renounce Religion, Heroism, Finesse


You were on level 8 of the Dungeon.
You worshipped Okawaru.
Okawaru was greatly pleased with you.
You visited 2 branches of the dungeon, and saw 9 of its levels.
You also visited: Ossuary.

You collected 341 gold pieces.
You spent 140 gold pieces at shops.

Inventory:

Hand Weapons
 a - the +4 falchion "Coluxt" (weapon) {elec, Str+3}
   (You found it on level 6 of the Dungeon)

   It occasionally discharges a powerful burst of electricity upon striking a
   foe.
   Str:       It affects your strength (+3).
 b - a +0 long sword
Missiles
 s - 27 bolts
Armour
 c - a +0 buckler (worn)
 g - a +0 chain mail
 l - a +0 plate armour (worn)
 y - +0 fire dragon scales
 z - a +0 cloak (worn)
Jewellery
 i - an amulet of the acrobat
 n - an amulet of regeneration
 u - the amulet "Caudoydinn" (around neck) {Acrobat Dex+2}
   (You bought it in a shop on level 1 of the Dungeon)

   [amulet of the acrobat]

   It increases your evasion while moving and waiting.
   Dex:       It affects your dexterity (+2).
 A - a ring of ice
Wands
 q - a wand of iceblast (7)
 E - a wand of acid (7)
Scrolls
 h - a scroll of torment {unknown}
 k - a scroll of amnesia {unknown}
 m - 2 scrolls of enchant armour
 r - 3 scrolls of teleportation {unknown}
 w - a scroll of brand weapon {unknown}
 B - 2 scrolls of noise
 C - 4 scrolls of magic mapping
 D - 3 scrolls of identify
 G - a scroll of silence {unknown}
Potions
 d - a potion of might
 e - 2 potions of flight
 f - a potion of resistance
 j - 2 potions of curing
 o - 3 potions of haste
 p - a potion of brilliance
 t - a potion of mutation
 v - a potion of heal wounds
 x - 2 potions of attraction {unknown}
 F - a potion of ambrosia {unknown}
 H - 2 potions of berserk rage {unknown}


   Skills:
 + Level 8.1 Fighting
 + Level 12.8 Long Blades
 + Level 9.5 Armour
 + Level 1.8 Dodging
 + Level 2.0 Stealth
 + Level 7.2 Shields
 + Level 0.2 Invocations


You had 9 spell levels left.
You didn't know any spells.
Your spell library contained the following spells:

 Spells                   Type           Power      Damage    Failure   Level
 Pain                     Necr           0%         1d4       100%        1
 Airstrike                Air            0%         N/A       100%        4
 Agony                    Necr           0%         N/A       100%        5
 Excruciating Wounds      Necr           0%         N/A       100%        5
 Lightning Bolt           Conj/Air       0%         1d11      100%        5
 Summon Lightning Spire   Summ/Air       Unusable   N/A       N/A         4

Dungeon Overview and Level Annotations

Branches:
Dungeon (8/15)             Temple (1/1) D:5         Ossuary (visited)
   Lair: D:8-11

Altars:
Ashenzari
Cheibriados
Dithmenos
Elyvilon
Hepliaklqana
Kikubaaqudgha
Nemelex Xobeh
Okawaru
Qazlal
Ru
Sif Muna
Trog
Uskayaw
Vehumet
Wu Jian
The Shining One

Shops:
D:1 *   D:2 *   D:5 [   D:7 [

Annotations:
D:8 Gastronok


Innate Abilities, Weirdness & Mutations

You have a pair of horns on your head.
You reflexively headbutt those who attack you in melee.


Message History

Gastronok bites you! The quokka closely misses you.
You hit Gastronok. You headbutt Gastronok.
Gastronok is severely wounded.
You slice Gastronok!!
Gastronok is severely wounded.
You block the quokka's attack.
You barely miss Gastronok.
Gastronok is severely wounded.
You block the quokka's attack. Gastronok casts a spell at you.
You feel yourself slow down.
You completely miss Gastronok.
Gastronok is severely wounded.
You block the quokka's attack.
You hit Gastronok.
Gastronok is severely wounded.
The quokka bites you but does no damage.
Gastronok waves his eye-stalks in wide circles.
The air twists around and strikes you!!
* * * LOW HITPOINT WARNING * * *
You slash Gastronok!
Gastronok is almost dead.
The quokka bites you but does no damage.
Unknown command.
You feel much better.
The quokka bites you but does no damage. x2
Gastronok waves his eye-stalks in wide circles.
The air twists around and strikes you!!
* * * LOW HITPOINT WARNING * * *
You feel much better.
You feel like a meek peon again.
You block the quokka's attack. x2; Gastronok bites you!!
* * * LOW HITPOINT WARNING * * *
Unknown command.
You feel much better.
The quokka bites you but does no damage. x2
You hit Gastronok. Lightning courses through Gastronok!
Gastronok is almost dead.
Gastronok bites you!!
You die...

#.... #○..○.
#☼.°... #.?.☼☼#
#.....#####
#........#
####.....#)# #
........w#†##....
###....r@....# ##
#....##.##.# .#
..####.##.##.# #
.#
..w..w........#
.#
...#####...####
.# #...# .# #...#
.######### #...#
.##......# #...#


You could see Gastronok (swift) and a quokka (summoned).

Vanquished Creatures
  A two-headed ogre (D:8)
  A manticore (D:6)
  2 slime creatures (D:8)
  A hornet (D:5)
  Sigmund (D:5)
  A wraith (D:6)
  5 yaks (D:7)
  Eustachio (D:6)
  Grum (D:8)
  Menkaure (Ossuary)
  A sky beast (D:7)
  3 wolves (D:8)
  An ogre (D:5)
  A necrophage (D:6)
  2 kobold brigands (D:7)
  5 bullfrogs
  A gnoll sergeant (D:7)
  A scorpion (D:3)
  9 killer bees (D:7)
  4 wights (D:7)
  A bullfrog zombie (D:6)
  3 hounds
  3 orc priests
  A centaur skeleton (D:5)
  A centaur zombie (D:7)
  2 bullfrog skeletons (D:6)
  An iguana (D:4)
  An orc wizard (D:3)
  3 hound skeletons
  4 mummies
  A howler monkey zombie (D:5)
  10 gnolls
  9 adders
  A shadow imp (D:4)
  A white imp (D:5)
  An ufetubus (D:7)
  3 worms
  An adder skeleton (D:4)
  3 dart slugs
  13 orcs
  2 ball pythons (D:1)
  3 bats
  6 endoplasms
  3 gnoll zombies (Ossuary)
  2 goblins
  8 hobgoblins
  9 jackals
  15 kobolds
  4 quokkas
  3 frilled lizards
  7 gnoll skeletons (Ossuary)
  4 goblin skeletons (Ossuary)
  8 goblin zombies (Ossuary)
  9 hobgoblin skeletons (Ossuary)
  8 hobgoblin zombies
  2 kobold skeletons (Ossuary)
  4 kobold zombies
  2 orc skeletons (Ossuary)
  3 orc zombies
  7 rats
  A rat skeleton (Ossuary)
  5 rat zombies
221 creatures vanquished.

Vanquished Creatures (others)
  A kobold (D:7)
  A plant (Temple)
2 creatures vanquished.

Grand Total: 223 creatures vanquished

Notes
Turn   | Place    | Note
-------+----------+-------------------------------------------
     0 | D:1      | Peloso the Minotaur Fighter began the quest for the Orb.
     0 | D:1      | Reached XP level 1. HP: 19/19 MP: 0/0
    49 | D:1      | Found Xaipriym's Assorted Antiques.
   216 | D:1      | Reached XP level 2. HP: 27/27 MP: 1/1
   852 | D:1      | Reached skill level 3 in Long Blades
   962 | D:2      | Reached XP level 3. HP: 31/33 MP: 2/2
  1094 | D:2      | Reached skill level 1 in Dodging
  1327 | D:2      | Found Guir's Assorted Antiques.
  1438 | D:3      | Noticed a scorpion
  1452 | D:3      | Killed a scorpion
  1453 | D:3      | Reached skill level 4 in Long Blades
  1453 | D:3      | Reached XP level 4. HP: 27/41 MP: 3/3
  1613 | D:3      | Reached XP level 5. HP: 47/47 MP: 4/4
  1696 | D:3      | Reached skill level 5 in Long Blades
  1841 | D:3      | Found a faded altar of an unknown god.
  1999 | D:3      | Found a hide-covered altar of Uskayaw.
  2328 | D:4      | Reached XP level 6. HP: 36/53 MP: 5/5
  2647 | D:4      | Found a bloodstained altar of Trog.
  2845 | D:4      | Found a hazy altar of Hepliaklqana.
  2847 | D:4      | Found a glowing golden altar of the Shining One.
  2850 | D:4      | Found a sparkling altar of Nemelex Xobeh.
  2850 | D:4      | Found a broken altar of Ashenzari.
  2850 | D:4      | Found a stormy altar of Qazlal.
  3065 | D:4      | Found a snail-covered altar of Cheibriados.
  3235 | D:1      | Bought a smoking iron amulet for 140 gold pieces
  3235 | D:1      | Identified the amulet "Caudoydinn" {Acrobat Dex+2} (You
                  | bought it in a shop on level 1 of the Dungeon)
  3302 | D:5      | Entered Level 5 of the Dungeon
  3359 | D:5      | Reached skill level 6 in Long Blades
  3367 | D:5      | Reached skill level 5 in Fighting
  3367 | D:5      | Reached skill level 5 in Armour
  3628 | D:5      | Found Yrawk's Armour Emporium.
  3717 | D:5      | Noticed Sigmund
  3753 | D:5      | Killed Sigmund
  3754 | D:5      | Reached skill level 7 in Long Blades
  3754 | D:5      | Reached XP level 7. HP: 23/61 MP: 6/6
  4078 | D:5      | Found a staircase to the Ecumenical Temple.
  4108 | Temple   | Entered the Ecumenical Temple
  4166 | Temple   | Became a worshipper of Warmaster Okawaru
  4396 | D:5      | Noticed a hornet
  4403 | D:5      | Paralysed by a hornet for 2 turns
  4407 | D:5      | HP: 3/61 [hornet (6)]
  4413 | D:5      | Killed a hornet
  4414 | D:5      | Reached skill level 5 in Shields
  4868 | D:6      | Found a sand-covered staircase.
  4889 | Ossuary  | Entered an ossuary
  5330 | Ossuary  | Noticed Menkaure
  5337 | Ossuary  | Killed Menkaure
  5338 | Ossuary  | Reached skill level 8 in Long Blades
  5338 | Ossuary  | Reached XP level 8. HP: 38/69 MP: 7/7
  5582 | D:6      | Identified the +4 falchion "Coluxt" {elec, Str+3}
  5653 | D:6      | Reached * piety under Okawaru
  5654 | D:6      | Reached skill level 9 in Long Blades
  5944 | D:6      | Noticed a manticore
  5952 | D:6      | Killed a manticore
  5952 | D:6      | Reached ** piety under Okawaru
  5953 | D:6      | Reached skill level 10 in Long Blades
  5953 | D:6      | Noticed Eustachio
  5967 | D:6      | Killed Eustachio
  5968 | D:6      | Reached XP level 9. HP: 17/78 MP: 5/8
  6720 | D:7      | Reached skill level 11 in Long Blades
  6817 | D:7      | Reached skill level 1 in Stealth
  6912 | D:7      | Reached *** piety under Okawaru
  6954 | D:7      | Reached skill level 12 in Long Blades
  7600 | D:7      | Found Sizxod's Armour Boutique.
  7617 | D:7      | Reached **** piety under Okawaru
  7712 | D:8      | Noticed Grum
  7719 | D:8      | Reached XP level 10. HP: 79/88 MP: 9/9
  7726 | D:8      | Killed Grum
  7726 | D:8      | Received a gift from Okawaru
  8227 | D:8      | Noticed Gastronok
  8228 | D:8      | Noticed a two-headed ogre
  8229 | D:8      | Found a radiant altar of Vehumet.
  8243 | D:8      | Killed a two-headed ogre
  8268 | D:8      | HP: 4/88 [Gastronok (27)]
  8270 | D:8      | Slain by Gastronok

Illustrated notes

Levels and vault maps discovered:
D:1:      scummos_arrival_checkerplants, layout_basic, serial_shops,
          nicolae_shop_waterfront, serial_rivers,
          chequers_serial_rivers_micro_d, chequers_serial_rivers_room_a,
          chequers_serial_rivers_room_b, chequers_serial_rivers_micro_b
D:2:      layout_rooms, serial_shops, nicolae_shop_waterfront
D:3:      layout_rooms, nicolae_uskayaw_suspiria, ebering_ecumenical_altar_mist
D:4:      nicolae_cairo_tiling, layout_cave_pods, slow_altar_2,
          mainiacjoe_overflow_tiny_flanked, grunt_temple_overflow_open
D:5:      layout_loops_ring, minmay_temple_entry_mist, serial_shops,
          kennysheep_mini, kennysheep_path_1, kennysheep_generic_room_6,
          uniq_sigmund
D:6:      layout_loops_cross, enter_ossuary_3, chequers_serial_rivers_micro_a,
          minmay_small_thing, uniq_eustachio
D:7:      layout_basic, serial_shops, kennysheep_little_box, minmay_mini_ossuary
D:8:      layout_loops_cross, fiery_altar_vehumet, old_standard_altar,
          uniq_grum, uniq_gastronok
Temple:   cyrus_temple_forest

Skill      XL: |  1  2  3  4  5  6  7  8  9 10 |
---------------+-------------------------------+-----
Fighting       | 4 5 6 7 8 |  8.1
Long Blades    | 3 4 5 7 8 10 12 | 12.8
Shields        | 4 5 6 7 |  7.2
Dodging        | 1 |  1.8
Armour         | 4 5 6 7 8 9 |  9.5
Stealth        | 2 |  2.0
Invocations    | |  0.2

Action                   |  1- 3 |  4- 6 |  7- 9 | 10-12 || total
-------------------------+-------+-------+-------+-------++-------
Melee: Long sword        |    84 |   155 |   167 |       ||   406
       Headbutt          |    10 |    18 |    67 |    15 ||   110
       Falchion          |       |       |   189 |    52 ||   241
Invok: Heroism           |       |       |     1 |     2 ||     3
  Use: Scroll            |     4 |       |     7 |       ||    11
       Potion            |       |       |     6 |     3 ||     9
Armor: Scale mail        |     6 |       |       |       ||     6
       Chain mail        |    32 |       |       |       ||    32
       Plate armour      |     8 |    90 |   149 |    26 ||   273
Dodge: Dodged            |    35 |    42 |   132 |    27 ||   236
Block: Buckler           |    16 |    32 |    75 |    16 ||   139
